 Dungeon Crawl Stone Soup version 0.28-a0-1429-gf3d713df7a (webtiles) character file.

Game seed: 15501638927733329041

5981 leviel the Cleaver (level 10, -1/88 HPs)
             Began as a Hill Orc Fighter on Jan 8, 2022.
             Was a Believer of Beogh.
             Slain by Joseph (9 damage)
             ... on level 8 of the Dungeon.
             The game lasted 00:15:16 (7597 turns).

leviel the Cleaver (Hill Orc Fighter)               Turns: 7597, Time: 00:15:16

Health: -1/88      AC: 10    Str: 22    XL:     10   Next: 85%
Magic:  15/15      EV: 10    Int: 13    God:    Beogh [**....]
Gold:   444        SH:  5    Dex: 10    Spells: 9/9 levels left

rFire   + . .      SeeInvis .   o - +9 flail of Glory {vamp, Int+3}
rCold   . . .      Faith    .   c - +0 buckler
rNeg    . . .      Spirit   .   v - +2 ring mail {rPois}
rPois   +          Reflect  .   e - +0 helmet
rElec   .          Harm     .   (no cloak)
rCorr   .          Rampage  .   (no gloves)
Will    +....                   (no boots)
Stlth   ..........              n - amulet of regeneration
HPRegen 1.04/turn               y - ring of protection from fire
MPRegen 0.14/turn               z - ring of willpower

@: no status effects
A: no striking features
a: Renounce Religion, Smiting


You were on level 8 of the Dungeon.
You worshipped Beogh.
Beogh was pleased with you.
You visited 1 branch of the dungeon, and saw 9 of its levels.
You also visited: Bailey.

You collected 444 gold pieces.

Inventory:

Hand Weapons
 a - a +0 war axe of freezing
 o - the +9 flail of Glory (weapon) {vamp, Int+3}
   (You found it on level 3 of the Dungeon)

   It occasionally heals its wielder for a portion of the damage dealt when it
   wounds a living foe.
   Int:       It affects your intelligence (+3).
Armour
 c - a +0 buckler (worn)
 e - a +0 helmet (worn)
 t - a +0 plate armour
 v - a +2 ring mail of poison resistance (worn)
Jewellery
 f - an amulet of faith
 n - an amulet of regeneration (around neck)
 y - a ring of protection from fire (left hand)
 z - a ring of willpower (right hand)
Wands
 b - a wand of paralysis (6)
 p - a wand of iceblast (9)
 q - a wand of polymorph (21)
 A - a wand of acid (5)
Scrolls
 d - a scroll of teleportation
 s - a scroll of silence
 u - 2 scrolls of fear
Potions
 h - a potion of magic
 i - 4 potions of cancellation
 j - 2 potions of haste
 k - a potion of resistance
 l - 3 potions of attraction
 m - 6 potions of curing
 r - 3 potions of brilliance
 w - a potion of mutation
 x - a potion of lignification {unknown}
 B - a potion of heal wounds {unknown}


   Skills:
 + Level 8.2 Fighting
 * Level 11.5(12.3) Axes
 + Level 5.8(8.6) Maces & Flails
 + Level 7.6 Armour
 + Level 7.5 Shields
 + Level 7.6 Invocations


You had 9 spell levels left.
You didn't know any spells.
Your spell library contained the following spells:

 Spells                   Type           Power      Damage    Failure   Level
 Animate Skeleton         Necr           0%         N/A       52%         1
 Apportation              Tloc           0%         N/A       52%         1
 Shock                    Conj/Air       0%         1d3       52%         1
 Sting                    Tmut/Pois      0%         1d3       52%         1
 Summon Small Mammal      Summ           0%         N/A       52%         1
 Poisonous Vapours        Pois/Air       0%         N/A       65%         2
 Swiftness                Air            0%         N/A       87%         3
 Airstrike                Air            0%         N/A       99%         4
 Olgreb's Toxic Radiance  Pois           0%         N/A       99%         4


Dungeon Overview and Level Annotations

Branches:
Dungeon (9/15)             Bailey (visited)
 Temple: D:4-7         Lair: D:8-11         Orc: D:9-12

Altars:
Nemelex Xobeh
Beogh

Shops:
D:7 (

Annotations:
D:3 1 runed translucent door, Crazy Yiuf
D:4 3 runed translucent doors, lonewolfV2's ghost, amateur DsBe
D:8 Joseph


Message History

Aim: Joseph, wielding a +0 hunting sling, wearing a +0 ring mail, quivering sling bullets and carrying a wand of iceblast (8) (64% to hit)
You throw a throwing net. The throwing net closely misses Joseph.
Found a crooked runed staff.
Joseph shoots a sling bullet.
The sling bullet barely misses you.
Joseph shoots a sling bullet.
The sling bullet misses you.
Found 7 gold pieces.
Joseph shoots a sling bullet.
The sling bullet hits you!
Joseph shoots a sling bullet.
The sling bullet hits you.
Joseph unwields a +0 hunting sling.
Joseph wields a +0 quarterstaff.
Joseph hits you with a +0 quarterstaff!
You sock Joseph!
Joseph is lightly wounded.
Joseph hits you with a +0 quarterstaff!
You barely miss Joseph.
Joseph is lightly wounded.
Joseph hits you with a +0 quarterstaff!
You closely miss Joseph.
Joseph is lightly wounded.
Joseph hits you with a +0 quarterstaff.
You hit Joseph.
Joseph is lightly wounded.
You block Joseph's attack.
You thump Joseph!
Joseph is heavily wounded.
Joseph hits you with a +0 quarterstaff!
You sock Joseph!
You feel better.
Joseph is heavily wounded.
Joseph hits you with a +0 quarterstaff!
* * * LOW HITPOINT WARNING * * *
You thump Joseph!
Joseph is severely wounded.
Joseph hits you with a +0 quarterstaff!
* * * LOW HITPOINT WARNING * * *
You sock Joseph!
Joseph is almost dead.
Joseph hits you with a +0 quarterstaff!
* * * LOW HITPOINT WARNING * * *
You closely miss Joseph.
Joseph is almost dead.
Joseph hits you with a +0 quarterstaff!
You die...

........ #..
#......< #.#
#.##..#. ########
#.# #.# ## #....$.#
###.# #.# #......#
#.... #.# ..
#......# #.### #.##
#..+....(.# #.##.
...######|.#....@.#
#....
#..#..).#.....?.@.#
#...8
...#.##.#.##......#
#..(.
##....#.#.##......#
#....
####..#.#.......[.#
#.8.. #
####.####......#
#.... #.# #......#
#.... # #.#
#...#### ##..8
##8####.####...#
#...
.##.......##...#
####


You could see Joseph.

Vanquished Creatures
  A vault guard (Bailey)
  The ghost of siradein the Ducker, a novice DjGl (D:5)
  A kobold demonologist (D:9)
  A troll (D:6)
  A blink frog (Bailey)
  Prince Ribbit (D:5)
  Sigmund (D:2)
  4 humans (Bailey)
  Menkaure (D:4)
  Edmund (D:6)
  An acid dragon (D:8)
  A water moccasin (D:6)
  2 orc warriors (Bailey)
  2 black bears (D:6)
  A hornet zombie (D:5)
  5 ogres
  7 centaurs
  8 bullfrogs
  3 scorpions
  A water moccasin skeleton (D:5)
  A howler monkey (D:7)
  2 centaur zombies
  3 hounds
  2 jellies
  3 orc priests
  A gnoll shaman (D:4)
  An iguana (D:6)
  11 orc wizards
  Robin (D:3)
  6 gnolls
  5 adders
  2 shadow imps
  2 white imps (D:5)
  3 worms (D:2)
  3 dart slugs
  24 orcs
  5 endoplasms
  2 giant cockroaches
  17 goblins
  9 hobgoblins
  12 jackals
  2 quokkas (D:3)
  13 ball pythons
  6 bats
  3 frilled lizards
  9 kobolds
  3 rats (D:1)
195 creatures vanquished.

Vanquished Creatures (others)
  A sky beast (D:3)
  Ijyb (D:3)
2 creatures vanquished.

Grand Total: 197 creatures vanquished

Notes
Turn   | Place    | Note
-------+----------+-------------------------------------------
     0 | D:1      | leviel the Hill Orc Fighter began the quest for the Orb.
     0 | D:1      | Reached XP level 1. HP: 19/19 MP: 1/1
   118 | D:1      | Reached skill level 3 in Axes
   251 | D:1      | Reached XP level 2. HP: 24/27 MP: 2/2
   468 | D:1      | Found a faded altar of an unknown god.
   542 | D:1      | Prayed at the altar of an unknown god.
   542 | D:1      | Became a worshipper of Beogh the Brigand
   542 | D:1      | Reached * piety under Beogh
   782 | D:2      | Reached XP level 3. HP: 32/33 MP: 3/3
  1111 | D:2      | Reached skill level 4 in Axes
  1162 | D:2      | Reached XP level 4. HP: 40/40 MP: 4/4
  1284 | D:2      | Noticed Sigmund
  2095 | D:2      | Killed Sigmund
  2096 | D:2      | Reached skill level 5 in Axes
  2096 | D:2      | Reached skill level 1 in Invocations
  2096 | D:2      | Reached XP level 5. HP: 32/47 MP: 4/6
  2096 | D:2      | Reached XP level 6. HP: 36/53 MP: 4/7
  2258 | D:2      | Reached ** piety under Beogh
  2467 | D:3      | Identified the +2 pair of boots of Happy Babbling {Fly
                  | Str-4 Slay-6 SInv}
  2550 | D:3      | Noticed a sky beast
  2553 | D:3      | Noticed Ijyb
  2560 | D:3      | Killed a sky beast
  2560 | D:3      | Killed Ijyb
  2580 | D:3      | Identified the +9 flail of Glory {vamp, Int+3}
  2722 | D:3      | Noticed Robin
  2731 | D:3      | Killed Robin
  3155 | D:3      | Found a sparkling altar of Nemelex Xobeh.
  3181 | D:3      | Found a runed translucent door.
  3182 | D:3      | Noticed Crazy Yiuf
  3731 | D:4      | Noticed Menkaure
  3845 | D:4      | Found a runed translucent gate.
  3846 | D:4      | Found a runed translucent gate.
  3848 | D:4      | Found a runed translucent gate.
  3910 | D:4      | Reached skill level 5 in Fighting
  3910 | D:4      | Reached skill level 6 in Axes
  3910 | D:4      | Reached skill level 1 in Maces & Flails
  3910 | D:4      | Reached XP level 7. HP: 55/61 MP: 7/9
  3972 | D:4      | Killed Menkaure
  4033 | D:4      | Noticed lonewolfV2's ghost (amateur DsBe)
  4568 | D:5      | Entered Level 5 of the Dungeon
  4580 | D:5      | Reached skill level 5 in Armour
  4636 | D:5      | Reached skill level 5 in Shields
  4649 | D:5      | Reached skill level 7 in Axes
  4649 | D:5      | Reached XP level 8. HP: 41/69 MP: 10/10
  4694 | D:5      | Found a runed translucent gate.
  4695 | D:5      | Found a runed translucent gate.
  4695 | D:5      | Noticed siradein's ghost (novice DjGl)
  4696 | D:5      | Found a runed translucent gate.
  4781 | D:5      | Noticed Prince Ribbit
  4789 | D:5      | Killed Prince Ribbit
  4911 | D:5      | Reached skill level 8 in Axes
  5253 | D:6      | Noticed Edmund
  5267 | D:6      | Killed Edmund
  5268 | D:6      | Reached skill level 5 in Invocations
  5268 | D:6      | Reached XP level 9. HP: 74/77 MP: 12/12
  5413 | D:5      | Killed siradein's ghost
  5414 | D:5      | Reached skill level 9 in Axes
  5921 | D:7      | Found Sinleeh's Weapon Shop.
  6125 | D:7      | Noticed a troll
  6137 | D:6      | Killed a troll
  6138 | D:6      | Reached skill level 10 in Axes
  6138 | D:6      | Reached XP level 10. HP: 72/86 MP: 14/14
  6482 | D:8      | Found a flagged portal.
  6496 | Bailey   | Entered a bailey
  6508 | Bailey   | Reached skill level 5 in Maces & Flails
  6612 | Bailey   | Reached skill level 11 in Axes
  6625 | Bailey   | Noticed a vault guard
  6629 | Bailey   | Killed a vault guard
  7268 | D:9      | Noticed a kobold demonologist
  7276 | D:9      | Killed a kobold demonologist
  7351 | D:9      | Noticed a two-headed ogre
  7582 | D:8      | Noticed Joseph
  7597 | D:8      | Slain by Joseph

Illustrated notes

Levels and vault maps discovered:
D:1:      ebering_hopf_link, layout_basic, ebering_ecumenical_altar_rust,
          amcnicky_mini_corridor_feature, minmay_pentomino_r4
D:2:      layout_loops_cross, amcnicky_mini_rare_corridor_liquid,
          minmay_joined_circles, uniq_sigmund
D:3:      layout_loops_corners, mainiacjoe_overflow_cross_hatched,
          grunt_ministairs_2, uniq_ijyb, uniq_robin, uniq_crazy_yiuf_cottage
D:4:      layout_basic, gammafunk_ghost_icy, uniq_menkaure
D:5:      layout_rooms, gammafunk_ghost_split, uniq_prince_ribbit1
D:6:      layout_rooms, uniq_edmund
D:7:      layout_loops_cross, temple_hall_moat, serial_shops, shop, centaur_isle
D:8:      layout_basic, enter_bailey_6, lightli_ossuary_entry_decrepit_ruins,
          uniq_joseph
D:9:      layout_rooms, minmay_misc_feat_columns

Skill      XL: |  1  2  3  4  5  6  7  8  9 10 |
---------------+-------------------------------+-----
Axes           | 3 4 5 6 7 8 10 11 | 11.5
Fighting       | 4 5 6 7 8 |  8.2
Armour         | 4 5 6 7 |  7.6
Shields        | 4 5 6 7 |  7.5
Invocations    | 1 2 3 5 6 7 |  7.6
Maces & Flails | 1 2 3 4 5 |  5.8

Action                   |  1- 3 |  4- 6 |  7- 9 | 10-12 || total
-------------------------+-------+-------+-------+-------++-------
Melee: War axe           |   116 |    41 |       |       ||   157
       Flail             |       |    71 |   151 |   136 ||   358
Throw: Throwing net      |       |       |       |     1 ||     1
Invok: Smiting           |       |       |    18 |     4 ||    22
  Use: Potion            |       |     1 |     2 |       ||     3
       Scroll            |       |     5 |     5 |     9 ||    19
Armor: Scale mail        |    50 |    44 |    19 |       ||   113
       Skin              |       |     5 |       |       ||     5
       Plate armour      |       |       |     9 |       ||     9
       Ring mail         |       |       |    43 |    63 ||   106
Dodge: Dodged            |    52 |    40 |    72 |   104 ||   268
Block: Buckler           |    26 |    30 |    36 |    49 ||   141

Table legend: (Time is in decaauts)
 A = Elapsed time spent in this place.
 B = Non-inter-level travel time spent in this place.
 C = Inter-level travel time spent in this place.
 D = Time resting spent in this place.
 E = Time spent auto-exploring this place.
 F = Levels seen in this place.
 G = Mean time per level.
                   A        B        C        D        E       F      G
               +--------+--------+--------+--------+--------+-----+--------+
         Total |   7712 |   7156 |    556 |   1047 |   4527 |  10 |  771.2 |
       Dungeon |   7517 |   6961 |    556 |   1047 |   4490 |   9 |  835.2 |
        Bailey |    195 |    195 |      0 |      0 |     37 |   1 |  195.0 |
               +--------+--------+--------+--------+--------+-----+--------+

Top non-repeatable levels by time:
     D:1: 1383 daAuts
     D:3: 1288 daAuts
     D:2: 1125 daAuts
     D:4: 853 daAuts
     D:5: 831 daAuts
     D:8: 723 daAuts
     D:6: 546 daAuts
     D:7: 506 daAuts
     D:9: 259 daAuts
  Bailey: 195 daAuts
